 Dungeon Crawl Stone Soup version 0.20.1-1-g8b1a95d (webtiles) character file.

72534 Gargoyl the Tortoise (level 15, -27/148 HPs)
             Began as a Minotaur Abyssal Knight on Sept 15, 2017.
             Was the Champion of Lugonu.
             Killed from afar by an ice dragon (61 damage)
             ... with a blast of cold
             ... on level 15 of the Dungeon on Sept 16, 2017.
             The game lasted 00:44:29 (21966 turns).

Gargoyl the Tortoise (Minotaur Abyssal Knight)     Turns: 21966, Time: 00:44:30

Health: -27/148    AC: 34    Str: 22    XL:     15   Next: 1%
Magic:  15/22      EV: 12    Int: 17    God:    Lugonu [******]
Gold:   1103       SH: 10    Dex: 13    Spells: 14/14 levels left

rFire    . . .     SeeInvis +   R - +11 war axe of Fatigue {flame, SInv}
rCold    . . .     Gourm    .   U - +2 buckler {AC+3}
rNeg     . . .     Faith    .   g - +1 plate armour {rPois}
rPois    +         Spirit   .   a - +1 hat {Int+3}
rElec    .         Reflect  +   J - +2 cloak
rCorr    .         Harm     .   b - +1 pair of gloves of Fortification {Str+2 Int+5}
MR       ++...     Clarity  +   u - +1 pair of boots {Stlth+}
Stlth    ..........             H - +3 amulet of reflection
Regen    0.4/turn               E - ring of protection from magic
MPRegen  0.2/turn               k - +3 ring of evasion

@: about to teleport, very slightly contaminated
A: retaliatory headbutt, horns 2, icy blue scales 1, clarity, robust 1
a: Depart the Abyss, Bend Space, Banish, Corrupt, Enter the Abyss, Brand Weapon
With Distortion, Renounce Religion


You were on level 15 of the Dungeon.
You worshipped Lugonu.
Lugonu was exalted by your worship.
You were hungry.

You visited 2 branches of the dungeon, and saw 21 of its levels.
You visited the Abyss 1 time.
You also visited: Labyrinth.

You collected 1644 gold pieces.
You spent 541 gold pieces at shops.

Inventory:

Hand Weapons
 o - a +4 hand axe of electrocution
 v - a +0 war axe of flaming
 R - the +11 war axe of Fatigue (weapon) {flame, SInv}
   (You found it on level 5 of the Lair of Beasts)

   It has been specially enchanted to burn those struck by it, causing extra
   injury to most foes and up to half again as much damage against particularly
   susceptible opponents.
   Big, fiery blades are also staple armaments of hydra-hunters.
   It lets you see invisible.
Missiles
 x - 6 javelins (quivered)
Armour
 a - a +1 hat of intelligence (worn)
 b - the +1 pair of gloves of Fortification (worn) {Str+2 Int+5}
   (You found it on level 14 of the Dungeon)

   It affects your strength (+2).
   It affects your intelligence (+5).
 g - a +1 plate armour of poison resistance (worn)
 u - a +1 pair of boots of stealth (worn)
 J - a +2 cloak (worn)
 U - a +2 buckler of protection (worn)
Jewellery
 h - an uncursed ring of resist corrosion
 k - a +3 ring of evasion (right hand)
 E - a ring of protection from magic (left hand)
 H - a +3 amulet of reflection (around neck)
 N - an uncursed ring of positive energy
Scrolls
 i - 6 scrolls of fear
 j - 11 scrolls of identify
 m - 14 scrolls of teleportation
 p - 3 scrolls of magic mapping
 s - 7 scrolls of remove curse
 t - a scroll of amnesia
 w - a scroll of fog
 z - 4 scrolls of blinking
 D - 2 scrolls of enchant armour
 L - 4 scrolls of holy word
 S - 2 scrolls of brand weapon
Potions
 d - 2 potions of invisibility
 e - 4 potions of brilliance
 B - 3 potions of flight
 C - 9 potions of curing
 F - a potion of resistance
 K - a potion of berserk rage
 O - 2 potions of agility
 W - a potion of might
 Y - a potion of haste
Books
 l - a book of Minor Magic

   Spells                             Type                      Level
   a - Magic Dart                     Conjuration                  1
   b - Blink                          Translocation                2
   c - Call Imp                       Summoning                    2
   d - Slow                           Hexes                        2
   e - Conjure Flame                  Conjuration/Fire             3
   f - Mephitic Cloud                 Conjuration/Poison/Air       3
 y - a book of Spatial Translocations

   Spells                             Type                      Level
   a - Blink                          Translocation                2
   b - Shroud of Golubria             Charms/Translocation         2
   c - Lesser Beckoning               Translocation                3
   d - Gell's Gravitas                Translocation                3
   e - Teleport Other                 Translocation                3
   f - Passage of Golubria            Translocation                4
Miscellaneous
 n - a box of beasts
Comestibles
 c - 8 bread rations
 f - 10 royal jellies
 q - 15 meat rations
 r - 40 fruits
 A - 3 chunks of flesh


   Skills:
 + Level 13.0 Fighting
 + Level 16.3(16.5) Axes
   Level 4.2(11.7) Maces & Flails
 + Level 0.4 Throwing
 * Level 17.4 Armour
 + Level 3.2 Dodging
 + Level 5.1 Shields
 * Level 11.7 Invocations


You had 14 spell levels left.
You didn't know any spells.

Dungeon Overview and Level Annotations

Branches:
Dungeon (15/15)            Temple (0/1) D:7            Lair (6/6) D:10
 Shoals (0/4) Lair:2        Snake (0/4) Lair:3        Slime (0/5) Lair:6
    Orc (0/2) D:11         Vaults (0/5) D:13
 Depths: D:15

Altars:
Hepliaklqana
Trog
Uskayaw
Xom
The Shining One

Shops:
D:7 [   D:8 %   D:10 (   D:12 :   D:13 ?

Annotations:
D:12 Sonja


Innate Abilities, Weirdness & Mutations

You reflexively headbutt those who attack you in melee.
You have a pair of horns on your head.
You are partially covered in icy blue scales. (AC +2)
You possess an exceptional clarity of mind.
You are robust. (+10% HP)


Message History

* * * LOW HITPOINT WARNING * * *
You block the ice dragon's attack.
The ice dragon bites you but does no damage.
The ice dragon claws you!
* * * LOW HITPOINT WARNING * * *
The ice dragon tramples you but does no damage.
You feel much better. The ice dragon breathes frost at you.
The blast of cold misses you. The ice dragon breathes frost at you.
The blast of cold misses you.
Blink to where?
Press: ? - help, Dir - move target cursor, p - ice dragon You are very lightly contaminated with residual magic.
As you read the scroll of blinking, it crumbles to dust.
As you read the scroll of teleportation, it crumbles to dust.
You feel strangely unstable. The ice dragon breathes frost at you.
The blast of cold hits you!
You die...

######.......
#.$$$$##......
#####.......##....#
##..D..# #....#
##..D##.......##....#
##..8.###.$$$$##.....#
...#......########......#
.........................#
########.@...............#
#..................
#..................
#..................
#....############..
#....+..........#..
#....#..........#..
#####....#..........'..
.........#..........#..


You could see 2 ice dragons.

Vanquished Creatures
  Rupert (D:14)
  Gastronok (Lair:3)
  2 dire elephants (Lair:6)
  A minotaur (Lab)
  Josephine (D:14)
  Harold (Lair:1)
  A hydra (shapeshifter) (D:12)
  A centaur warrior (D:14)
  A hydra (Lair:6)
  3 death yaks (Lair:6)
  A catoblepas (Lair:6)
  4 two-headed ogres
  2 dancing weapons (D:13)
  A queen ant (Lair:3)
  2 tengu warriors
  Urug (D:15)
  A deep elf knight (D:12)
  A skeletal warrior (D:12)
  A lindwurm (Lair:6)
  4 orc knights
  5 manticores
  2 deep elf magi
  3 cyclopes
  An ugly thing (D:12)
  11 elephants
  4 black mambas
  2 gargoyles
  A torpor snail (Lair:6)
  3 centaur skeletons
  13 spiny frogs
  A rime drake (Lair:1)
  4 komodo dragons
  A freezing wraith (D:13)
  2 trolls
  3 minotaur zombies (Lab)
  3 meliai (D:14)
  A slime creature (D:12)
  A jumping spider (shapeshifter) (D:9)
  2 hornets
  11 blink frogs
  20 dream sheep
  13 hippogriffs
  A dream sheep (shapeshifter) (D:12)
  A meliai zombie (D:13)
  Sigmund (D:2)
  4 shadows
  2 spriggans (Lair:5)
  A vampire (D:14)
  4 water elementals (D:11)
  2 wyverns (D:10)
  Eustachio (D:4)
  4 wraiths
  33 yaks
  The ghost of ig87 the Ruffian, an amateur NaTm (D:4)
  3 basilisks
  3 hungry ghosts
  A steam dragon (Lair:5)
  6 vampire mosquitoes
  Menkaure (D:7)
  2 wargs
  8 soldier ants
  An acid dragon (D:12)
  2 nagas (Lair:3)
  7 water moccasins
  9 porcupines
  A swamp drake (D:11)
  3 ice beasts
  5 orc warriors
  An eye of draining (D:10)
  6 black bears
  A phantom (D:7)
  4 sky beasts
  9 ogres
  8 wolves
  14 centaurs
  6 crocodiles
  4 big kobolds
  14 bullfrogs
  2 wyvern skeletons
  2 scorpions
  5 wights (D:12)
  A vampire bat (Lair:4)
  4 crimson imps
  A bullfrog zombie (D:11)
  2 quasits
  2 centaur zombies
  9 hounds
  5 bullfrog skeletons
  3 gnoll shamans
  3 jellies
  9 orc priests
  6 iguanas
  6 orc wizards
  32 worker ants
  2 killer bee zombies
  A hound zombie (D:10)
  A hound skeleton (D:4)
  A worker ant zombie (D:6)
  Robin (D:4)
  19 gnolls
  17 adders
  A howler monkey skeleton (D:7)
  A shadow imp (D:11)
  2 oozes
  2 adder zombies
  2 worms
  6 dart slugs
  4 leopard geckos
  50 orcs
  6 giant cockroaches
  7 hobgoblins
  15 jackals
  4 quokkas
  A ball python (D:3)
  19 bats
  4 frilled lizards
  15 goblins
  A jackal skeleton (D:5)
  18 kobolds
  2 leopard gecko skeletons (D:4)
  A quokka skeleton (D:7)
  8 rats
  9 fungi
  3 plants
627 creatures vanquished.

Vanquished Creatures (others)
  A frost giant (D:12)
  A hydra (Lair:4)
  A two-headed ogre (D:9)
  A wizard (D:6)
  A cyclops (D:12)
  A centaur (D:14)
  11 fungi (Lair:6)
  12 plants
29 creatures vanquished.

Grand Total: 656 creatures vanquished

Notes
Turn   | Place    | Note
-------+----------+-------------------------------------------
     0 | Abyss:1  | Gargoyl the Minotaur Abyssal Knight began the quest for the Orb.
     0 | Abyss:1  | Reached XP level 1. HP: 19/19 MP: 1/1
    78 | Abyss:2  | Noticed a small abomination
   138 | Abyss:2  | Noticed an insubstantial wisp
   138 | Abyss:2  | Noticed an insubstantial wisp
   138 | Abyss:2  | Noticed an insubstantial wisp
   140 | Abyss:2  | Noticed an iron imp
   141 | Abyss:2  | Noticed a rakshasa
   142 | D:1      | Escaped the Abyss
   328 | D:1      | Reached XP level 2. HP: 26/27 MP: 2/2
   354 | D:1      | Reached * piety under Lugonu
   694 | D:2      | Reached XP level 3. HP: 33/33 MP: 3/3
   734 | D:2      | Noticed Sigmund
   754 | D:2      | Killed Sigmund
   754 | D:2      | Reached skill level 3 in Armour
   754 | D:2      | Reached XP level 4. HP: 33/41 MP: 4/4
   754 | D:2      | Reached XP level 5. HP: 38/47 MP: 5/5
   993 | D:2      | Reached skill level 4 in Armour
  1231 | D:2      | Reached skill level 5 in Fighting
  1424 | D:3      | Reached ** piety under Lugonu
  1458 | D:3      | Reached skill level 5 in Axes
  1557 | D:3      | Reached XP level 6. HP: 56/56 MP: 7/7
  1834 | D:3      | Found a shimmering altar of Xom.
  1858 | D:3      | Noticed an enchanted dagger
  1858 | D:3      | Noticed a hand axe
  1859 | D:3      | Found a hide-covered altar of Uskayaw.
  2082 | D:4      | Noticed ig87's ghost (amateur NaTm)
  2090 | D:4      | Killed ig87's ghost
  2341 | D:4      | Noticed Eustachio
  2355 | D:4      | Reached XP level 7. HP: 55/61 MP: 8/8
  2425 | D:4      | Killed Eustachio
  2425 | D:4      | Reached skill level 5 in Armour
  2452 | D:4      | Reached *** piety under Lugonu
  2818 | D:4      | Noticed Robin
  2827 | D:4      | Killed Robin
  3721 | D:4      | Reached skill level 6 in Armour
  3771 | D:5      | Entered Level 5 of the Dungeon
  4104 | D:5      | Reached XP level 8. HP: 62/70 MP: 10/10
  4441 | D:6      | Noticed a two-headed ogre
  4449 | D:6      | Killed a two-headed ogre
  4449 | D:6      | Reached skill level 8 in Armour
  4449 | D:6      | Reached skill level 5 in Invocations
  4764 | D:6      | Reached **** piety under Lugonu
  4965 | D:6      | Reached XP level 9. HP: 78/78 MP: 12/12
  4969 | D:6      | Gained mutation: You are occasionally teleported next to monsters. [mutagenic meat]
  4970 | D:6      | Gained mutation: Scrolls take you a little longer to read. [mutagenic meat]
  5013 | D:6      | Found a bloodstained altar of Trog.
  5015 | D:6      | Noticed a wizard
  5021 | D:6      | Killed a wizard
  5094 | D:6      | Found a glowing golden altar of the Shining One.
  5094 | D:6      | Found a hazy altar of Hepliaklqana.
  5105 | D:7      | Found a staircase to the Ecumenical Temple.
  5118 | D:7      | Noticed Menkaure
  5341 | D:7      | Killed Menkaure
  5341 | D:7      | Reached skill level 9 in Armour
  5541 | D:7      | Got a faintly glowing mace
  5542 | D:7      | Identified the +8 mace "Coluhaes" {elec, -Tele Int+4 Stlth+} (You found it on level 7 of the Dungeon)
  5826 | D:7      | Found Hukoz's Armour Shoppe.
  5829 | D:7      | Reached skill level 10 in Armour
  6401 | D:7      | Reached skill level 1 in Maces & Flails
  6922 | D:8      | Found Teozyete's Food Emporium.
  7250 | D:9      | Noticed a cyclops
  7259 | D:8      | Killed a cyclops
  7259 | D:8      | Reached XP level 10. HP: 41/86 MP: 13/13
  7451 | D:9      | Reached skill level 11 in Armour
  7556 | D:9      | Noticed a two-headed ogre
  7574 | D:9      | Banished a two-headed ogre
  7836 | D:9      | Noticed a two-headed ogre
  7844 | D:9      | Killed a two-headed ogre
  8012 | D:9      | Noticed an orb spider
  8012 | D:9      | a hog changed into an orb spider
  8023 | D:9      | an orb spider changed into a jumping spider
  8026 | D:9      | Reached skill level 12 in Armour
  8282 | D:9      | Reached ***** piety under Lugonu
  8539 | D:10     | Entered Level 10 of the Dungeon
  8555 | D:10     | Found Jibrogeq's Antique Weapon Shop.
  8993 | D:10     | Lost mutation: Scrolls take you a little longer to read. [potion of mutation]
  8993 | D:10     | Lost mutation: You are occasionally teleported next to monsters. [potion of mutation]
  8993 | D:10     | Gained mutation: You possess an exceptional clarity of mind. [potion of mutation]
  8993 | D:10     | Gained mutation: You are partially covered in icy blue scales. (AC +2) [potion of mutation]
  8993 | D:10     | Gained mutation: You are robust. (+10% HP) [potion of mutation]
  9029 | D:10     | Reached XP level 11. HP: 96/103 MP: 15/15
  9171 | D:10     | Found a staircase to the Lair.
  9257 | D:10     | Paralysed by a hornet for 2 turns
  9264 | D:10     | Reached skill level 10 in Axes
  9429 | D:10     | Reached skill level 13 in Armour
  9723 | Lair:1   | Entered Level 1 of the Lair of Beasts
  9793 | Lair:1   | Found a labyrinth entrance.
  9802 | Lab      | Entered a labyrinth
 10345 | Lab      | Noticed a minotaur
 10354 | Lab      | Killed a minotaur
 10873 | Lair:1   | Reached skill level 14 in Armour
 11317 | Lair:1   | Noticed Harold
 11337 | Lair:1   | Killed Harold
 11525 | Lair:1   | Reached XP level 12. HP: 107/114 MP: 17/17
 11784 | Lair:2   | Found a staircase to the Shoals.
 12108 | Lair:2   | Reached ****** piety under Lugonu
 13043 | Lair:3   | Noticed a queen ant
 13043 | Lair:3   | Reached skill level 15 in Armour
 13044 | Lair:3   | Reached skill level 10 in Fighting
 13065 | Lair:3   | Killed a queen ant
 13095 | Lair:3   | Noticed Gastronok
 13447 | Lair:3   | Killed Gastronok
 13653 | Lair:3   | Found a staircase to the Snake Pit.
 14567 | Lair:4   | Noticed a seven-headed hydra
 14571 | Lair:4   | Reached XP level 13. HP: 126/126 MP: 19/19
 14676 | Lair:4   | Identified a scroll of acquirement
 14861 | Lair:5   | Reached skill level 10 in Invocations
 15735 | Lair:5   | Got a steaming war axe
 15736 | Lair:5   | Identified the +11 war axe of Fatigue {flame, SInv} (You found it on level 5 of the Lair of Beasts)
 15768 | Lair:6   | Entered Level 6 of the Lair of Beasts
 15872 | Lair:6   | Reached skill level 16 in Armour
 16100 | Lair:6   | Got an iridescent hand axe
 16106 | Lair:6   | Identified the +3 hand axe of Infinite Pain {pain, rElec rPois rF+ Int+4} (You found it on level 6 of the Lair of Beasts)
 16153 | Lair:6   | Noticed a dire elephant
 16156 | Lair:6   | Found a staircase to the Slime Pits.
 16164 | Lair:6   | Killed a dire elephant
 16491 | Lair:6   | Noticed a dire elephant
 16512 | Lair:6   | Killed a dire elephant
 16944 | Lair:6   | Reached skill level 15 in Axes
 17043 | Lair:6   | Reached XP level 14. HP: 124/137 MP: 21/21
 17834 | D:11     | Reached skill level 1 in Shields
 18252 | D:11     | Found a staircase to the Orcish Mines.
 18862 | D:12     | Found Foamonk's Book Boutique.
 19012 | D:12     | Noticed a tengu reaver
 19013 | D:12     | Noticed Sonja
 19016 | D:12     | Noticed a frost giant
 19490 | D:12     | Noticed an azure jelly
 19490 | D:12     | a catoblepas changed into an azure jelly
 19491 | D:12     | Noticed a storm dragon
 19491 | D:12     | an azure jelly changed into a storm dragon
 19502 | D:12     | a storm dragon changed into a seven-headed hydra
 19513 | D:12     | HP: 2/139 [frost giant/bolt of cold (18)]
 19517 | D:12     | Banished a frost giant
 19901 | D:13     | Found Paefada's Magic Scroll Boutique.
 19917 | D:13     | Bought a scroll of teleportation for 57 gold pieces
 19917 | D:13     | Bought a scroll of teleportation for 57 gold pieces
 19917 | D:13     | Bought 2 scrolls of blinking for 285 gold pieces
 19917 | D:13     | Bought a scroll of holy word for 142 gold pieces
 19988 | D:13     | Reached skill level 17 in Armour
 19991 | D:13     | Found a gate to the Vaults.
 20688 | D:14     | Noticed Josephine
 20893 | D:14     | Noticed Rupert
 20905 | D:14     | Killed Josephine
 20909 | D:14     | Killed Rupert
 21040 | D:14     | Got a pair of polished gloves
 21051 | D:14     | Identified the +1 pair of gloves of Fortification {Str+2 Int+5} (You found it on level 14 of the Dungeon)
 21293 | D:15     | Entered Level 15 of the Dungeon
 21311 | D:15     | Noticed Urug
 21327 | D:15     | Killed Urug
 21653 | D:15     | Reached skill level 5 in Shields
 21659 | D:15     | Reached XP level 15. HP: 104/148 MP: 22/22
 21966 | D:15     | Killed from afar by an ice dragon

Skill      XL: |  1  2  3  4  5  6  7  8  9 10 11 12 13 14 |
---------------+-------------------------------------------+-----
Fighting       | 4 5 6 7 8 9 10 11 13 | 13.0
Invocations    | 2 3 4 5 6 7 8 9 10 11 | 11.7
Axes           | 3 4 5 6 8 9 11 13 15 16 | 16.3
Armour         | 3 4 6 8 10 12 14 15 16 17 | 17.4
Maces & Flails | 2 4 |  4.2
Dodging        | 2 3 |  3.2
Shields        | 5 |  5.1
Throwing       | |  0.4

Action                   |  1- 3 |  4- 6 |  7- 9 | 10-12 | 13-15 || total
-------------------------+-------+-------+-------+-------+-------++-------
Melee: Hand axe          |    49 |   127 |   263 |   565 |   113 ||  1117
       Headbutt          |     6 |    20 |    52 |   131 |   143 ||   352
       Mace              |       |       |    78 |    28 |       ||   106
       War axe           |       |       |       |       |   552 ||   552
Throw: Tomahawk          |       |       |     1 |       |     1 ||     2
Invok: Depart the Abyss  |     1 |       |       |       |       ||     1
       Bend Space        |       |       |     1 |       |       ||     1
       Banish            |       |       |       |     2 |     6 ||     8
  Use: Scroll            |     4 |     8 |     4 |    14 |     8 ||    38
       Potion            |       |       |    14 |     5 |     7 ||    26
 Stab: Invisible         |       |       |       |     7 |       ||     7
       Confused          |       |       |       |       |     1 ||     1
  Eat: Chunk             |       |     5 |    17 |    29 |    25 ||    76
Armor: Plate armour      |    58 |   105 |   286 |   463 |   449 ||  1361
Dodge: Dodged            |    23 |    30 |   118 |   334 |   313 ||   818
Block: Buckler           |       |       |       |       |   175 ||   175
       Reflection        |       |       |       |       |    23 ||    23
